 Dungeon Crawl Stone Soup version 0.27.0-1-g7a089689b8 (webtiles) character file.

Game seed: 8123163262630014399

56 inmateoo the Skirmisher (level 3, -2/31 HPs)
             Began as a Palentonga Chaos Knight on Aug 4, 2021.
             Slain by a gnoll (8 damage)
             ... on level 2 of the Dungeon.
             The game lasted 00:01:47 (1433 turns).

inmateoo the Skirmisher (Palentonga Chaos Knight)   Turns: 1433, Time: 00:01:48

Health: -2/31      AC:  6    Str: 15    XL:     3   Next: 69%
Magic:  3/3        EV:  9    Int: 13    God:
Gold:   9          SH:  0    Dex:  9    Spells: 2/2 levels left

rFire    . . .     SeeInvis +     - Unarmed
rCold    . . .     Faith    .   (no shield)
rNeg     . . .     Spirit   .   a - +2 leather armour
rPois    .         Reflect  .   (no helmet)
rElec    .         Harm     .   (no cloak)
rCorr    .         Rampage  .   (no gloves)
Will     .....                  (no barding)
Stlth    +.........             (no amulet)
HPRegen  0.10/turn              (no ring)
MPRegen  0.08/turn              (no ring)

@: lethally poisoned (-2 -> -10)
A: large, rugged brown scales 3, see invisible, deformed body, roll 1, armoured
tail
a: Rolling Charge


You were on level 2 of the Dungeon.
You visited 1 branch of the dungeon, and saw 2 of its levels.

You collected 9 gold pieces.

Inventory:

Armour
 a - a +2 leather armour (worn)
 d - a +0 kite shield
Scrolls
 b - a scroll of noise {unknown}
Potions
 c - a potion of brilliance


   Skills:
 + Level 3.4 Fighting
 + Level 2.1 Armour
 + Level 1.5 Dodging
 + Level 3.4 Unarmed Combat


You had 2 spell levels left.
You didn't know any spells.
Your spell library was empty.

Dungeon Overview and Level Annotations

Branches:
Dungeon (2/15)

Altars:

Shops:
D:1 !   D:2 (


Innate Abilities, Weirdness & Mutations

You are completely covered in rugged brown scales. (AC +3, +7% HP)
You have supernaturally acute eyesight. (SInv)
Armour fits poorly on your strangely shaped body.
You can roll at nearby foes to attack.
You have a long armoured tail.


Message History

You closely miss the gnoll. You tail-slap the gnoll.
The gnoll is moderately wounded.
The gnoll barely misses you.
You hit the gnoll.
The gnoll is severely wounded.
The gnoll hits you with a +0 whip.
You barely miss the gnoll.
The gnoll is severely wounded.
The gnoll hits you with a +0 whip.
You hit the gnoll. You tail-slap the gnoll.
You kill the gnoll!
No target in view!
Things that are here:
a +0 whip; a gnoll corpse No target in view!
You start resting.
HP restored.
There is a stone staircase leading down, spattered with blood here.
You climb downwards.
A rat comes into view.
The gnoll closely misses you.
There is a stone staircase leading up here.
Roll where?
Press: ? - help, Dir - move target, f - gnoll
Aim: a gnoll, wielding a +0 halberd You roll forward with a clatter of scales!
You barely miss the gnoll. The gnoll closely misses you. The gnoll misses you.
You hit the gnoll but do no damage. You tail-slap the gnoll!
The gnoll is almost dead.
The gnoll hits you from afar with a +0 halberd!
The gnoll hits you but does no damage.
The gnoll hits you from afar with a +0 halberd!
There is a stone staircase leading up here.
The gnoll hits you from afar with a +0 halberd.
* * * LOW HITPOINT WARNING * * *
The gnoll hits you from afar with a +1 halberd of venom.
* * * LOW HITPOINT WARNING * * *
You are lethally poisoned!
The gnoll hits you from afar with a +0 halberd!
You die...

#####.## ####...........#...#..
#..##..#####.............g.##.#..
#..##..#..............####.##....
...###.#(##.........#.# #.......
..∩......##.........#..# ###?....
##....)####.......r.##... #.....
##..##.## #.....ggg.# ##.. #.#...
##..##..# #.........#####........
#######.# #.....@.............[..
#.# #.....######### ###....
#.######### .... #..# #... ##.#
#.# #.# ##.# #..#


You could see 3 gnolls and a rat.

Vanquished Creatures
  A gnoll (D:1)
  2 adders
  A worm (D:2)
  A ball python (D:1)
  4 endoplasms
  A giant cockroach (D:1)
  4 hobgoblins
  2 quokkas (D:1)
  A bat (D:1)
  2 frilled lizards (D:1)
  3 goblins (D:1)
  A kobold (D:2)
  A rat (D:1)
24 creatures vanquished.

Notes
Turn   | Place    | Note
-------+----------+-------------------------------------------
     0 | D:1      | inmateoo the Palentonga Chaos Knight began the quest for
                  | the Orb.
     0 | D:1      | Reached XP level 1. HP: 19/19 MP: 1/1
     8 | D:1      | Found Jyss's Distillery.
   198 | D:1      | Reached skill level 1 in Dodging
   236 | D:1      | Reached XP level 2. HP: 19/25 MP: 2/2
   312 | D:1      | XOM: divination: magic mapping
   512 | D:1      | XOM: cloud trail
   778 | D:1      | Fell from the grace of Xom
   811 | D:2      | Found Forime Bouw's Weapon Emporium.
   876 | D:2      | Reached XP level 3. HP: 30/31 MP: 3/3
  1433 | D:2      | Slain by a gnoll

Illustrated notes

Levels and vault maps discovered:
D:1:      mrwooster_arrival_statue, layout_basic, serial_shops, shop
D:2:      layout_rooms, serial_shops, nicolae_square_shop, uniq_robin

Skill      XL: |  1  2 |
---------------+-------+-----
Dodging        | 1 |  1.5
Armour         | 2 |  2.1
Fighting       | |  3.4
Unarmed Combat | |  3.4

Action                   || total
-------------------------++-------
Melee: Unarmed           ||    89
       Tailslap          ||    11
       Punch             ||     1
Invok: Renounce Religion ||     1
 Abil: Rolling Charge    ||     9
  Use: Scroll            ||     2
Armor: Leather armour    ||    30
Dodge: Dodged            ||    40
